 Dungeon Crawl Stone Soup version 0.14-a0-817-g3f7b0b1 (webtiles) character file.

135 PolkaDot the Vexing (level 3, 0/24 HPs)
             Began as a Vampire Enchanter on Nov 12, 2013.
             Was an Initiate of Yredelemnul.
             Succumbed to an adder's poison
             ... on Level 3 of the Dungeon.
             The game lasted 00:04:16 (1564 turns).

PolkaDot the Vexing (Vampire Enchanter)             Turns: 1564, Time: 00:04:16

HP   0/24        AC  3     Str  8 (12) XL: 3   Next: 28%
MP   5/6         EV 12     Int 17      God: Yredelemnul [......]
Gold 96          SH  0     Dex 15      Spells:  1 memorised,  3 levels left

Res.Fire  : . . .   See Invis. : +   a - +1 dagger
Res.Cold  : + . .   Warding    : .   b - +1 robe
Life Prot.: . . .   Conserve   : .   (no shield)
Res.Poison: .       Res.Corr.  : .   (no helmet)
Res.Elec. : .       Clarity    : .   (no cloak)
Sust.Abil.: . .     Spirit.Shd : .   (no gloves)
Res.Mut.  : .       Stasis     : .   (no boots)
Res.Rott. : .       Flight     : .   f - amulet of the gourmand {unknown}
Saprovore : . . .                    (no ring)
                                     e - ring of protection from cold {unknown}

@: regenerating quickly, mighty, mildly poisoned, slightly resistant to hostile
enchantments, stealthy
A: fangs 3, see invisible, unbreathing
a: Renounce Religion


You were on level 3 of the Dungeon.
You worshipped Yredelemnul.
Yredelemnul was noncommittal.
You were very full.

You visited 1 branch of the dungeon, and saw 3 of its levels.

You collected 96 gold pieces.

Inventory:

Hand weapons
 a - a +1,+1 dagger (weapon)
Missiles
 d - 12 darts (quivered)
Armour
 b - a +1 robe (worn)
Magical devices
 t - a wand of slowing (7) {unknown}
Scrolls
 h - a scroll of enchant armour {unknown}
 j - a scroll of fog {unknown}
 k - a scroll of noise {unknown}
 n - a scroll of magic mapping {unknown}
 p - a scroll of enchant weapon I {unknown}
 r - a scroll of teleportation {unknown}
Jewellery
 e - a ring of protection from cold (left hand) {unknown}
 f - an amulet of the gourmand (around neck) {unknown}
 l - an uncursed amulet of rage
Potions
 g - a potion of degeneration
 m - a potion of restore abilities {unknown}
 o - a potion of speed {unknown}
 q - 2 potions of curing {unknown}
 s - a potion of confusion {unknown}
 u - a potion of poison {unknown}
Books
 c - a book of Maledictions

   Spells                             Type                      Level
   *Corona                            Hexes                        1
   Sure Blade                         Hexes/Charms                 2
   Ensorcelled Hibernation            Hexes/Ice                    2
   Confuse                            Hexes                        3
   Enslavement                        Hexes                        4
   Invisibility                       Hexes                        6


   Skills:
 * Level 2.6 Short Blades
 - Level 0.7 Throwing
 - Level 2.1 Dodging
 + Level 3.6 Stealth
 - Level 1.0 Spellcasting
 + Level 5.1 Hexes


You had 3 spell levels left.
You knew the following spells:

 Your Spells              Type           Power        Failure   Level  Hunger
a - Corona                Hex            ###....      2%          1    ##.....


Dungeon Overview and Level Annotations

Branches:
Dungeon (3/27)

Altars:
Yredelemnul
the Shining One


Innate Abilities, Weirdness & Mutations

Your natural rate of healing is unusually fast.
You have razor-sharp teeth.*
You have supernaturally acute eyesight.
You can survive without breathing.*


Message History

The adder poisons you!
You hit the adder.
The adder is lightly wounded.
The adder bites you.
* * * LOW HITPOINT WARNING * * *
You are more poisoned.
The adder poisons you!
You hit the adder.
The adder is moderately wounded.
The adder bites you but does no damage.
Drink which item? (? for menu, Esc to quit)
There was something very wrong with that liquid!
You feel weakened.
It was a potion of degeneration.
The adder misses you. The adder bites you.
* * * LOW HITPOINT WARNING * * *
Drink which item? (? for menu, Esc to quit)
You feel very mighty all of a sudden.
It was a potion of might.
You die...
Yredelemnul claims you as an undead slave.

..... #...!......
#...........
#............
#....>........
#.............
#.............
#..............
#.....@S.......
#(....<........
..................
.............?...
..##.............
#..######..... #..
.... #.. ... .


You could see an adder.

Vanquished Creatures
  An adder (D:2)
  A giant gecko (D:2)
  4 giant cockroaches
  2 goblins
  5 hobgoblins
  6 bats
  5 giant newts
  A kobold (D:2)
  9 rats
34 creatures vanquished.

Notes
Turn   | Place    | Note
--------------------------------------------------------------
     0 | D:1      | PolkaDot, the Vampire Enchanter, began the quest for the Orb.
     0 | D:1      | Reached XP level 1. HP: 13/13 MP: 4/4
   610 | D:1      | Reached XP level 2. HP: 19/19 MP: 5/5
  1017 | D:2      | Found a glowing golden altar of the Shining One.
  1077 | D:2      | Found a basalt altar of Yredelemnul.
  1105 | D:2      | Became a worshipper of Yredelemnul the Dark
  1116 | D:2      | Reached skill level 5 in Hexes
  1132 | D:2      | Reached XP level 3. HP: 16/24 MP: 4/6
  1563 | D:3      | HP: 1/24 [adder (3)]
  1564 | D:3      | Succumbed to an adder's poison

Action                   || total
-------------------------++-------
Melee: Dagger            ||   125
 Cast: Corona            ||     2
  Use: Potion            ||     3
 Stab: Sleeping          ||     5
